 Dungeon Crawl Stone Soup version 0.28.0-53-g5a82cb258f (webtiles) character file.

Game seed: 4752852486260210586

1170 issech the Poker (level 8, -4/70 HPs)
             Began as a Minotaur Monk on June 3, 2022.
             Slain by a gnoll
             ... wielding a +0 halberd
              (6 damage)
             ... on level 4 of the Dungeon.
             The game lasted 00:29:40 (7282 turns).

issech the Poker (Minotaur Monk)                    Turns: 7282, Time: 00:29:40

Health: -4/70      AC: 10    Str: 16    XL:     8   Next: 17%
Magic:  0/7        EV:  8    Int: 13    God:
Gold:   151        SH:  0    Dex: 15    Spells: 7/7 levels left

rFire   . . .      SeeInvis .   w - +2 scythe (pain)
rCold   . . .      Faith    .   (shield currently unavailable)
rNeg    . . .      Spirit   +   q - +0 chain mail
rPois   .          Reflect  .   (helmet restricted)
rElec   .          Harm     .   v - +0 cloak
rCorr   .          Rampage  .   (no gloves)
Will    .....                   (no boots)
Stlth   ..........              R - amulet of guardian spirit
HPRegen 0.21/turn               l - +6 ring of intelligence
MPRegen 0.10/turn               (no ring)

@: no status effects
A: horns 2, retaliatory headbutt
a: no special abilities


You were on level 4 of the Dungeon.
You visited 1 branch of the dungeon, and saw 4 of its levels.
You also visited: Ossuary.

You collected 151 gold pieces.

Inventory:

Hand Weapons
 a - a +0 hand axe
 g - a +0 dagger of venom
 o - a +0 dagger of speed
 p - a +0 dagger of freezing
 w - a +2 scythe of pain (weapon)
 y - a +2 quarterstaff of chaos
 C - a +3 hand axe
 D - a +1 short sword of venom
 E - a +0 morningstar
Missiles
 c - 10 poisoned darts (quivered)
 e - a throwing net
 f - 34 arrows
 m - 102 stones
 u - 4 curare-tipped darts
 A - 2 boomerangs
 H - 20 bolts
 K - 5 silver boomerangs
 S - 18 sling bullets
Armour
 b - a +0 robe
 i - a +0 leather armour
 n - a +0 ring mail
 q - a +0 chain mail (worn)
 v - a +0 cloak (worn)
 z - a +0 cloak
Jewellery
 l - a +6 ring of intelligence (left hand)
 R - an amulet of guardian spirit (around neck)
Scrolls
 d - 2 scrolls of noise
 h - a scroll of summoning
 r - 3 scrolls of teleportation
 s - 2 scrolls of immolation
 x - 2 scrolls of blinking {unknown}
 F - a scroll of amnesia {unknown}
 I - a scroll of magic mapping {unknown}
 J - a scroll of brand weapon {unknown}
 M - a scroll of acquirement {unknown}
 O - a scroll of enchant armour {unknown}
Potions
 j - 4 potions of curing
 k - 2 potions of haste {unknown}
 t - 2 potions of heal wounds {unknown}
 B - 4 potions of might {unknown}
 G - 2 potions of brilliance {unknown}
 L - a potion of berserk rage {unknown}
 N - a potion of mutation {unknown}
 P - a potion of resistance {unknown}
 Q - 2 potions of lignification {unknown}


   Skills:
 + Level 6.3 Fighting
 + Level 5.7(7.2) Axes
 + Level 6.7(7.7) Polearms
 + Level 4.8 Armour
 + Level 4.6 Dodging
 + Level 2.0 Stealth


You had 7 spell levels left.
You didn't know any spells.
Your spell library contained the following spells:

 Spells                   Type           Power      Damage    Failure   Level
 Summon Small Mammal      Summ           0%         N/A       99%         1
 Call Canine Familiar     Summ           0%         N/A       100%        3
 Summon Guardian Golem    Hex/Summ       0%         N/A       100%        3


Dungeon Overview and Level Annotations

Branches:
Dungeon (4/15)            Ossuary (visited)
 Temple: D:4-7

Altars:
The Shining One

Shops:
D:4 =

Annotations:
D:4 1 transporter, bnorton916's ghost, novice DEFE


Innate Abilities, Weirdness & Mutations

You have a pair of horns on your head.
You reflexively headbutt those who attack you in melee.


Message History

The gnoll hits you but does no damage.
The gnoll hits you from afar with a +0 halberd.
You closely miss the gnoll.
You headbutt the gnoll, but do no damage.
The gnoll hits you but does no damage. x2
The gnoll hits you from afar with a +0 halberd!
The gnoll barely misses you. The gnoll hits you but does no damage.
The gnoll barely misses you.
You hit the gnoll.
The gnoll is moderately wounded.
The gnoll completely misses you. The gnoll barely misses you.
You closely miss the gnoll.
The gnoll is moderately wounded.
The gnoll barely misses you. You furiously retaliate!
You headbutt the gnoll.
The gnoll hits you but does no damage. x2; The gnoll closely misses you.
The gnoll hits you from afar with a +0 spear.
The gnoll hits you from afar with a +0 halberd.
You slash the gnoll!
You kill the gnoll!
The gnoll closely misses you. The gnoll barely misses you.
The gnoll hits you from afar with a +0 spear.
The gnoll hits you with a +0 halberd! The gnoll hits you with a +0 spear.
You barely miss the gnoll. The gnoll hits you with a +0 halberd!
The gnoll closely misses you. The gnoll hits you with a +0 halberd!
* * * LOW HITPOINT WARNING * * *
You hit the gnoll. Your headbutt misses the gnoll.
The gnoll is moderately wounded.
The gnoll hits you but does no damage. The gnoll hits you with a +0 halberd!
* * * LOW HITPOINT WARNING * * *
The gnoll hits you with a +0 spear. The gnoll hits you but does no damage.
You hit the gnoll.
The gnoll is severely wounded.
A ball python comes into view.
The gnoll closely misses you. The gnoll hits you with a +0 halberd!
* * * LOW HITPOINT WARNING * * *
The ball python hisses angrily.
The gnoll hits you from afar with a +0 spear.
* * * LOW HITPOINT WARNING * * *
The gnoll hits you from afar with a +0 halberd.
You die...

####......## .. #.
#.......#.S.######. ...
######.###.........
.... ##.# #.......
...#. #..# .....# ...#.
##..# #....# ###...##
##.gg#
###......###.)..##
#...###......@...#
#..###...##...#......
###.....####..####.....
#..#..<## #..# #.... ..
##....## ##.## #.##. #.
###..# #..# .... #.
##.## ##..# #..## #.
#..# #..## ##..# .. #.
##.###..# #...# #... #.


You could see 2 gnolls and a ball python.

Vanquished Creatures
  Grinder (D:3)
  Sigmund (D:2)
  A wraith (Ossuary)
  Eustachio (D:4)
  A black bear (D:4)
  An ogre (D:4)
  Crazy Yiuf (D:2)
  Jessica (D:3)
  2 iguanas (D:4)
  Terence (D:2)
  Ijyb (D:3)
  A hound skeleton (D:4)
  A mummy (Ossuary)
  Robin (D:2)
  5 adders
  2 gnolls (D:4)
  2 worms (D:2)
  4 dart slugs
  6 orcs
  7 ball pythons
  9 endoplasms
  A giant cockroach (D:1)
  21 goblins
  14 hobgoblins
  4 jackals
  4 quokkas
  8 bats
  2 frilled lizards (D:3)
  9 gnoll skeletons (Ossuary)
  8 kobolds
  9 kobold skeletons (Ossuary)
  7 orc skeletons (Ossuary)
  5 rats
142 creatures vanquished.

Vanquished Creatures (others)
  33 plants (D:1)
33 creatures vanquished.

Grand Total: 175 creatures vanquished

Notes
Turn   | Place    | Note
-------+----------+-------------------------------------------
     0 | D:1      | issech the Minotaur Monk began the quest for the Orb.
     0 | D:1      | Reached XP level 1. HP: 19/19 MP: 0/0
   177 | D:1      | Reached XP level 2. HP: 15/27 MP: 1/1
   477 | D:1      | Found a faded altar of an unknown god.
   862 | D:1      | Reached XP level 3. HP: 9/33 MP: 2/2
  1875 | D:2      | Noticed Robin
  1891 | D:2      | Killed Robin
  1892 | D:2      | Reached XP level 4. HP: 15/41 MP: 3/3
  2113 | D:2      | Noticed Terence
  2134 | D:2      | Killed Terence
  2135 | D:2      | Reached skill level 1 in Armour
  2295 | D:2      | Noticed Sigmund
  2653 | D:2      | Reached XP level 5. HP: 26/47 MP: 4/4
  3142 | D:2      | Killed Sigmund
  3143 | D:2      | Reached skill level 5 in Fighting
  3143 | D:2      | Reached skill level 5 in Axes
  3143 | D:2      | Reached XP level 6. HP: 49/56 MP: 5/5
  3526 | D:2      | Found a runed translucent door.
  3527 | D:2      | Noticed Crazy Yiuf
  3534 | D:2      | Killed Crazy Yiuf
  3834 | D:3      | Noticed Jessica
  3837 | D:3      | Killed Jessica
  3838 | D:3      | Reached skill level 1 in Polearms
  3967 | D:3      | Noticed Grinder
  3980 | D:3      | Paralysed by Grinder for 6 turns
  4780 | D:3      | Paralysed by Grinder for 4 turns
  4871 | D:3      | Killed Grinder
  4872 | D:3      | Reached XP level 7. HP: 20/61 MP: 6/6
  5161 | D:3      | Noticed Ijyb
  5224 | D:3      | Killed Ijyb
  5466 | D:3      | Found a glowing golden altar of the Shining One.
  6055 | D:4      | Reached skill level 5 in Polearms
  6067 | D:4      | Noticed Eustachio
  6122 | D:4      | Killed Eustachio
  6175 | D:4      | Found a transporter.
  6177 | D:4      | Noticed bnorton916's ghost (novice DEFE)
  6301 | D:4      | Found a sand-covered staircase.
  6307 | Ossuary  | Entered an ossuary
  6307 | Ossuary  | Noticed a wraith
  6307 | Ossuary  | Noticed a wraith
  6307 | Ossuary  | Noticed a wraith
  6450 | Ossuary  | Noticed a wraith
  6527 | Ossuary  | Killed a wraith
  6528 | Ossuary  | Reached XP level 8. HP: 25/70 MP: 7/7
  7042 | D:4      | Noticed a toenail golem
  7149 | D:4      | Found Rokk's Jewellery Shoppe.
  7282 | D:4      | HP: 2/70 [gnoll/+0 spear (3)]
  7282 | D:4      | Slain by a gnoll

Illustrated notes

Levels and vault maps discovered:
D:1:      heliophobic_arrival_henge, layout_basic, serial_bayou,
          serial_bayou_lagoon_a, serial_bayou_pond_c, serial_bayou_ford_a,
          serial_bayou_crossing, nicolae_ecumenical_lake_church,
          minmay_misc_feat_rows
D:2:      layout_basic, minivault_19, minmay_indecisive_spiral, uniq_sigmund,
          uniq_crazy_yiuf_cottage, uniq_robin, uniq_terence
D:3:      layout_basic, pf_just_have_faith, roderic_roman_lattice,
          minmay_checkerbox, uniq_grinder, uniq_jessica, uniq_ijyb
D:4:      layout_layer_cave, serial_shops, shop, nicolae_ossuary_entry_plus,
          gammafunk_ghost_abyssal_escape, uniq_eustachio

Skill      XL: |  1  2  3  4  5  6  7 |
---------------+----------------------+-----
Fighting       | 4 5 6 |  6.3
Dodging        | 4 |  4.6
Axes           | 4 5 |  5.7
Armour         | 1 2 4 |  4.8
Stealth        | 2 |  2.0
Polearms       | 3 6 |  6.7

Action                   |  1- 3 |  4- 6 |  7- 9 || total
-------------------------+-------+-------+-------++-------
Melee: Hand axe          |   103 |    69 |       ||   172
       Headbutt          |    16 |    24 |    21 ||    61
       Scythe            |       |    47 |   118 ||   165
  Use: Scroll            |       |       |     4 ||     4
 Stab: Sleeping          |     1 |       |       ||     1
Armor: Robe              |     6 |       |       ||     6
       Ring mail         |    13 |     2 |       ||    15
       Leather armour    |     6 |       |       ||     6
       Chain mail        |       |    63 |   129 ||   192
Dodge: Dodged            |    78 |    53 |    84 ||   215
